 Dungeon Crawl Stone Soup version 0.24-a0-201-gf205589 (webtiles) character file.

Game seed: 9356420535692258950

499 Yixers the Sneak (level 6, -5/31 HPs)
             Began as a Spriggan Assassin on Mar 21, 2019.
             Was an Initiate of Dithmenos.
             Killed from afar by an orc wizard (10 damage)
             ... with a puff of flame
             ... on level 3 of the Dungeon.
             The game lasted 00:24:08 (4340 turns).

Yixers the Sneak (Spriggan Assassin)                Turns: 4340, Time: 00:24:08

Health: -5/31      AC:  3    Str:  7    XL:     6   Next: 94%
Magic:  10/10      EV: 20    Int: 12    God:    Dithmenos [......]
Gold:   150        SH:  0    Dex: 20    Spells: 8/9 levels left

rFire    . . .     SeeInvis +   a - +0 short sword
rCold    . . .     Gourm    .   (shield restricted)
rNeg     . . .     Faith    .   y - +0 robe
rPois    .         Spirit   .   (helmet restricted)
rElec    .         Reflect  .   d - +0 cloak
rCorr    .         Harm     .   (gloves unavailable)
MR       +....                  (boots unavailable)
Stlth    ++++......             (no amulet)
HPRegen  0.10/turn              (no ring)
MPRegen  0.12/turn              (no ring)

@: very quick
A: very small, unfitting armour, see invisible, herbivore, speed 3, slow
metabolism 2
a: Renounce Religion


You were on level 3 of the Dungeon.
You worshipped Dithmenos.
Dithmenos was noncommittal.
You were near starving.

You visited 2 branches of the dungeon, and saw 5 of its levels.

You collected 150 gold pieces.

Inventory:

Hand Weapons
 a - a +0 short sword (weapon)
 b - a +0 dagger of holy wrath
 c - a +0 blowgun
 u - a +0 mace of venom
Missiles
 n - 70 stones (quivered)
 p - 15 sling bullets
Armour
 d - a +0 cloak (worn)
 y - a +0 robe (worn)
Jewellery
 k - a +1 ring of protection {unknown}
Scrolls
 i - a scroll of magic mapping
 m - a scroll of enchant armour {unknown}
 o - 2 scrolls of teleportation {unknown}
 r - 2 scrolls of remove curse {unknown}
 s - a scroll of immolation {unknown}
 w - a scroll of enchant weapon {unknown}
 x - 3 scrolls of identify {unknown}
Potions
 l - a potion of berserk rage {unknown}
 q - a potion of flight {unknown}
 t - a potion of lignification {unknown}
 z - a potion of might {unknown}
Comestibles
 g - 8 rations


   Skills:
 - Level 2.3 Fighting
 - Level 2.1 Short Blades
 * Level 4.8 Throwing
 + Level 4.5 Dodging
 + Level 7.6 Stealth
 + Level 2.2 Spellcasting
 + Level 2.2 Hexes


You had 8 spell levels left.
You knew the following spells:

 Your Spells              Type           Power        Failure   Level  Hunger
a - Confusing Touch       Hex            #.....       11%         1    ##.....

Your spell library contained the following spells:

 Spells                   Type           Power        Failure   Level  Hunger
 Animate Skeleton         Necr           N/A          26%         1    ##.....
 Apportation              Tloc           #.....       26%         1    ##.....
 Summon Small Mammal      Summ           #...         26%         1    ##.....


Dungeon Overview and Level Annotations

Branches:
Dungeon (4/15)             Temple (1/1) D:4

Altars:
Ashenzari
Dithmenos
Elyvilon
Fedhas
Gozag
Kikubaaqudgha
Nemelex Xobeh
Okawaru
Qazlal
Ru
Sif Muna
Trog
Uskayaw
Vehumet
Wu Jian
Xom
Yredelemnul
Zin
The Shining One


Innate Abilities, Weirdness & Mutations

You are very small and have problems with some larger weapons.
You are too small for most types of armour.
You have supernaturally acute eyesight. (SInv)
You are a herbivore.
You cover ground extremely quickly.
You need to consume almost no food.


Message History

Wield which item (- for none, * to show all)? (? for menu, Esc to quit)
Okay, then.
As you read the scroll labeled ZABEG WIFARGHUI, it crumbles to dust.
You assume a fearsome visage.
The orc wizard looks frightened!
It was a scroll of fear.
The orc wizard mumbles some strange words.
The orc wizard flickers and vanishes for a moment.
As you read the scroll labeled MAARPHE VEOFOO, it crumbles to dust.
It is a scroll of amnesia.
Okay, then.
As you read the scroll labeled RAURYS DUMMEL, it crumbles to dust.
You feel aware of your surroundings.
You sensed 2 altars.
It was a scroll of magic mapping.
The orc wizard barely misses you. The orc wizard completely misses you.
As you read the scroll labeled WAHAOT MUEQAT, it crumbles to dust.
The scroll dissolves into smoke.
It was a scroll of fog.
The orc wizard closely misses you.
The orc wizard gestures at you while chanting.
The puff of flame hits you!
You die...

########### #..[......#
#>#######.# # ####§# #.# ##
#§§o§# #.####. #@#### #.##.<#
###########§# #.##.#.
#...........# #.##.##
#.########..###### #.##.## #.#
#.......# #.##.# ##.##
##.##.#.### #....##
##...########.<#.._..# #......
#............#.###.#.###).....
####.###.######.#.#
#............


You could see an orc wizard (invisible).

Vanquished Creatures
  An ogre (D:2)
  A bullfrog zombie (D:4)
  2 hounds (D:3)
  2 bullfrog skeletons (D:4)
  A centaur skeleton (D:4)
  An orc wizard (D:3)
  A worker ant (D:4)
  2 hound zombies (D:4)
  4 adders
  An adder zombie (D:4)
  A worm (D:2)
  2 dart slugs (D:2)
  16 orcs
  A ball python (D:3)
  A giant cockroach (D:3)
  9 goblins
  9 hobgoblins
  2 jackals (D:1)
  9 kobolds
  3 quokkas
  10 bats
  3 frilled lizards
  2 quokka skeletons (D:4)
  8 rats
  A fungus (D:3)
93 creatures vanquished.

Vanquished Creatures (others)
  A fungus (D:3)
1 creature vanquished.

Grand Total: 94 creatures vanquished

Notes
Turn   | Place    | Note
-------+----------+-------------------------------------------
     0 | D:1      | Yixers the Spriggan Assassin began the quest for the Orb.
     0 | D:1      | Reached XP level 1. HP: 10/10 MP: 2/2
     4 | D:1      | Noticed an electric eel
   318 | D:1      | Reached skill level 6 in Stealth
   346 | D:1      | Reached XP level 2. HP: 13/15 MP: 3/3
  1004 | D:2      | Noticed an ogre
  1030 | D:2      | Killed an ogre
  1030 | D:2      | Reached XP level 3. HP: 18/18 MP: 4/4
  1030 | D:2      | Reached XP level 4. HP: 23/23 MP: 5/5
  1299 | D:2      | Reached XP level 5. HP: 25/27 MP: 6/6
  1344 | D:2      | Learned a level 1 spell: Confusing Touch
  1726 | D:3      | Found a blossoming altar of Fedhas.
  2198 | D:3      | Reached skill level 7 in Stealth
  2198 | D:3      | Reached skill level 1 in Spellcasting
  2387 | D:3      | Reached skill level 1 in Hexes
  2621 | D:3      | Found a glowing golden altar of the Shining One.
  2659 | D:3      | Found an ornate altar of the Wu Jian Council.
  2661 | D:3      | Found a deep blue altar of Sif Muna.
  2661 | D:3      | Found a sparkling altar of Nemelex Xobeh.
  2957 | D:3      | Reached XP level 6. HP: 17/31 MP: 7/9
  3960 | D:4      | Found a staircase to the Ecumenical Temple.
  3970 | Temple   | Entered the Ecumenical Temple
  4085 | Temple   | Became a worshipper of Dithmenos the Shadowed
  4340 | D:3      | Killed from afar by an orc wizard

Levels and vault maps discovered:
D:1:      arrival_aquarium_a, layout_basic
D:2:      layout_loops_ring, first_ration, kennysheep_doodads
D:3:      layout_loops_ring, nicolae_overflow_hidden_temple,
          lemuel_crystal_altar, fedhas_altar_3
D:4:      layout_gridville, minmay_temple_entry_poolview, serial_undead,
          serial_undead_d, serial_undead_b, serial_undead_e, serial_undead_e,
          serial_undead_d, serial_undead_e
Temple:   regret_index_temple_waves

Skill      XL: |  1  2  3  4  5  6 |
---------------+-------------------+-----
Stealth        | 6 7 |  7.6
Dodging        | 3 4 |  4.5
Fighting       | 2 |  2.3
Throwing       | 3 4 |  4.8
Spellcasting   | 1 2 |  2.2
Hexes          | 1 2 |  2.2
Short Blades   | |  2.1

Action                   |  1- 3 |  4- 6 || total
-------------------------+-------+-------++-------
Melee: Dagger            |    48 |    97 ||   145
       Short sword       |    11 |   277 ||   288
 Fire: Blowgun           |     9 |    33 ||    42
Throw: Stone             |       |    40 ||    40
  Use: Scroll            |       |     4 ||     4
 Stab: Sleeping          |     4 |    12 ||    16
Armor: Robe              |     7 |    41 ||    48
Dodge: Dodged            |    44 |   328 ||   372

Table legend:
 A = Non-vault XP
 B = Vault XP
 C = Vault XP percentage of total XP
 D = Non-vault monster count
 E = Vault monster count
 F = Vault count percentage of total count
                 A         B        C        D         E       F
            +---------+---------+-------+---------+---------+-------
      Total |     493 |     220 |  30.9 |      84 |       8 |   8.7
            +---------+---------+-------+---------+---------+-------
        D:1 |      25 |       0 |   0.0 |      16 |       0 |   0.0
        D:2 |     194 |       0 |   0.0 |      26 |       0 |   0.0
        D:3 |     217 |       0 |   0.0 |      36 |       0 |   0.0
        D:4 |      57 |     220 |  79.4 |       6 |       8 |  57.1
            +---------+---------+-------+---------+---------+-------
